Canucks vs Flames
Created - December 16, 2017 at 19:14
Goals
|
| Canucks |
1 |
4 |
2 |
7 |
| Flames |
0 |
2 |
3 |
5 |
|
Shots
|
| Canucks |
7 |
16 |
12 |
35 |
| Flames |
12 |
9 |
11 |
32 |
|
1st period
1. Canucks , Maxim Lapierre 5 (Jamie McBain 15) at 13:50
Penalties :
Steve Eminger (Cal) for Goalie Interference (Minor) at 2:01, Eric Staal (Cal) for Hooking (Minor) at 5:07, Brendan Mikkelson (Cal) for Roughing (Minor) at 18:53
2nd period
2. Canucks , Maxim Afinogenov 12 (Alex Goligoski 20, Mike Ribeiro 20) at 0:19 (PP)
3. Canucks , Ryan Hollweg 6 (Maxim Lapierre 8, Alex Goligoski 21) at 1:48
4. Canucks , Alex Goligoski 8 (Mike Ribeiro 21) at 2:35 (PP)
5. Flames , Patrik Berglund 10 (Jordin Tootoo 6, Brad Marchand 5) at 3:01
6. Canucks , Clarke MacArthur 8 (Jiri Hudler 11) at 5:08
7. Flames , Brad Marchand 7 (Jordin Tootoo 7, Patrik Berglund 9) at 11:23
Penalties :
Brad Marchand (Cal) for Hooking (Minor) at 2:34, Derek Meech (Cal) for Hooking (Minor) at 7:52, Michel Ouellet (Cal) for Interference (Minor) at 12:19, Steve Eminger (Cal) for Hooking (Minor) at 16:20, Ben Lovejoy (Van) for Cross-checking (Minor) at 19:26
3rd period
8. Flames , Alexander Semin 14 (Steve Eminger 8, Eric Staal 28) at 4:48
9. Canucks , Clarke MacArthur 9 (Sami Lepisto 4, Matt Stajan 17) at 8:11
10. Flames , David Backes 22 (Eric Staal 29, Mikhail Grabovski 3) at 9:40
11. Flames , Eric Staal 22 (Alexander Semin 28, David Backes 23) at 9:55
12. Canucks , Ben Lovejoy 2 (Mike Ribeiro 22, Maxim Afinogenov 13) at 19:40
Penalties :
Brad Marchand (Cal) for Hooking (Minor) at 13:32, Matt Stajan (Van) for Holding (Minor) at 17:31
Goalie Stats
Carey Price (Van), 27 saves from 32 shots - (0.844), W, 13-11-2, 60:00 minutes
Josh Harding (Cal), 7 saves from 11 shots - (0.636), 22:35 minutes
Pekka Rinne (Cal), 21 saves from 24 shots - (0.875), L, 10-11-4, 37:25 minutes
Players Stats for Canucks
Player Name G A P +/- PIM S H SB GA TA FO MP PP MP PK MP
------------------------------------------------------------------------------------
Alex Goligoski 1 2 3 -1 0 4 3 3 0 1 0/0 30:38 7:42 2:27
Ben Lovejoy 1 0 1 -2 2 1 0 1 1 1 0/0 27:07 7:42 1:00
Cameron Schilling 0 0 0 1 0 0 0 0 0 0 0/0 2:03 0:00 0:00
Clarke MacArthur 2 0 2 2 0 4 0 0 0 0 0/2 20:13 5:39 1:34
Jamie McBain 0 1 1 1 0 1 2 1 0 0 0/0 20:00 5:36 1:31
Jiri Hudler 0 1 1 2 0 4 0 0 0 0 0/1 18:46 5:39 0:09
Lasse Kukkonen 0 0 0 1 0 1 1 0 0 0 0/0 20:00 5:36 1:31
Matt Stajan 0 1 1 2 2 3 2 0 0 0 3/13 20:43 5:39 1:20
Maxim Afinogenov 1 1 2 -3 0 3 0 0 1 0 1/1 20:44 7:01 0:00
Maxim Lapierre 1 1 2 2 0 3 3 0 1 0 5/10 13:22 0:41 0:45
Mike Ribeiro 0 3 3 -4 0 1 1 0 0 0 15/42 26:01 7:01 2:18
Milan Michalek 0 0 0 -3 0 1 1 1 0 0 1/3 21:23 7:01 0:37
Nikolai Zherdev 0 0 0 -1 0 1 0 0 0 0 0/0 4:55 0:41 0:00
Patrik Elias 0 0 0 -1 0 0 0 0 1 0 0/0 4:22 0:08 0:00
Rene Bourque 0 0 0 2 0 3 1 0 0 0 2/3 12:53 0:00 1:13
Ryan Hollweg 1 0 1 2 0 4 0 0 0 0 0/0 12:32 0:33 0:00
Sami Lepisto 0 1 1 0 0 1 2 0 0 1 0/0 10:56 0:03 1:27
Tom Poti 0 0 0 0 0 0 0 1 0 0 0/0 9:22 0:03 0:00
Players Stats for Flames
Player Name G A P +/- PIM S H SB GA TA FO MP PP MP PK MP
------------------------------------------------------------------------------------
Alexander Semin 1 1 2 0 0 2 2 0 0 0 1/3 23:01 2:23 6:55
Brad Marchand 1 1 2 0 4 6 0 0 0 0 2/3 14:37 0:00 0:41
Brendan Mikkelson 0 0 0 -2 2 1 0 2 0 2 0/0 15:04 1:12 0:32
Colin Wilson 0 0 0 0 0 1 1 0 1 0 8/9 10:57 0:00 0:47
David Backes 1 1 2 0 0 3 4 1 0 0 0/1 16:08 2:23 0:00
Derek Meech 0 0 0 -1 2 0 2 1 0 0 0/0 24:58 2:46 4:55
Eric Staal 1 2 3 0 2 5 2 0 0 0 19/33 21:18 2:23 5:10
Erik Johnson 0 0 0 -1 0 1 1 1 0 2 0/0 23:14 2:46 2:53
Jonathan Ferland 0 0 0 -1 0 0 0 0 0 0 0/1 4:48 0:00 0:00
Jordin Tootoo 0 2 2 1 0 2 3 0 1 0 1/1 20:16 1:35 6:05
Lubomir Visnovsky 0 0 0 3 0 0 0 2 0 0 0/0 18:42 0:00 5:51
Michel Ouellet 0 0 0 -1 2 1 2 0 0 0 1/1 10:26 0:00 0:00
Mikhail Grabovski 0 1 1 0 0 0 1 0 0 0 5/7 11:30 0:00 6:43
Noah Welch 0 0 0 -1 0 1 1 0 0 0 0/0 7:13 1:12 0:00
Patrik Berglund 1 1 2 1 0 2 1 0 0 0 11/16 14:27 1:35 0:00
Ron Hainsey 0 0 0 -1 0 0 1 0 0 0 0/0 18:19 0:00 7:25
Steve Eminger 0 1 1 3 4 2 1 0 0 0 0/0 18:11 0:00 5:06
Steve Regier 0 0 0 0 0 5 1 1 1 0 0/0 13:22 1:35 0:21
3 Stars
1 - Clarke MacArthur (Van)
2 - Maxim Lapierre (Van)
3 - Alex Goligoski (Van)
Power Play
Canucks - 2 on 8 Attempt(s) - 25.00%
Flames - 0 on 2 Attempt(s) - 0.00%
Penalty Kill
Canucks - 2 on 2 Attempt(s) - 100.00%
- Score 0 goal in Penalty Kill
Flames - 6 on 8 Attempt(s) - 75.00%
- Score 0 goal in Penalty Kill
Team Stat
Canucks - Hits : 16 - Faceoff Wins : 27 - Blocked Shots : 7 - Penalty Minutes : 4
Flames - Hits : 23 - Faceoff Wins : 48 - Blocked Shots : 8 - Penalty Minutes : 16
Official
Referees : Kimmerly Greg and Dwyer Gord
Linesman : Tim Nowak and Mark Wheler
Game Notes
Pekka Rinne enters game at 2:35 of 2nd period
Finance
Level 1 -- Attendance: 6000 (100.00%) -- Ticket Income $534,000
Level 2 -- Attendance: 3708 (74.16%) -- Ticket Income $218,772
Level 3 -- Attendance: 2000 (100.00%) -- Ticket Income $74,000
Level 4 -- Attendance: 4000 (100.00%) -- Ticket Income $104,000
Luxury Box -- Attendance: 1000 (100.00%) -- Ticket Income $163,000
Game was played at the Metal Center.
Total Attendance: 16708 (92.82%)
Total Ticket Income: $1,093,772
Other Income: $164,066
Total Income: $1,257,838
Canucks
5 vs 5 Forward
Center Left Wing Right Wing Time % Phy DF OF
1 Mike Ribeiro Milan Michalek Maxim Afinogenov 40 1 2 2
2 Matt Stajan Clarke MacArthur Jiri Hudler 30 1 2 2
3 Maxim Lapierre Ryan Hollweg Rene Bourque 20 1 2 2
4 Mike Ribeiro Patrik Elias Nikolai Zherdev 10 1 2 2
5 vs 5 Defense
Defense Defense Time % Phy DF OF
1 Alex Goligoski Ben Lovejoy 40 1 2 2
2 Lasse Kukkonen Jamie McBain 30 1 2 2
3 Tom Poti Sami Lepisto 20 1 2 2
4 Cameron Schilling Alex Goligoski 10 1 2 2
PowerPlay Forward
Center Left Wing Right Wing Time % Phy DF OF
1 Mike Ribeiro Milan Michalek Maxim Afinogenov 60 1 2 2
2 Matt Stajan Clarke MacArthur Jiri Hudler 40 1 2 2
PowerPlay Defense
Defense Defense Time % Phy DF OF
1 Alex Goligoski Ben Lovejoy 60 1 2 2
2 Lasse Kukkonen Jamie McBain 40 1 2 2
Penalty Kill 4 Players Forward
Center Wing Time % Phy DF OF
1 Mike Ribeiro Matt Stajan 60 1 2 2
2 Milan Michalek Clarke MacArthur 40 1 2 2
Penalty Kill 4 Players Defense
Defense Defense Time % Phy DF OF
1 Alex Goligoski Ben Lovejoy 60 1 2 2
2 Lasse Kukkonen Jamie McBain 40 1 2 2
Penalty Kill - 3 Players Forward
Forward Time % Phy DF OF
1 Mike Ribeiro 60 1 2 2
2 Matt Stajan 40 1 2 2
Penalty Kill - 3 Players Defense
Defense Defense Time % Phy DF OF
1 Alex Goligoski Ben Lovejoy 60 1 2 2
2 Lasse Kukkonen Jamie McBain 40 1 2 2
4 vs 4 Forward
Center Wing Time % Phy DF OF
1 Mike Ribeiro Matt Stajan 60 1 2 2
2 Milan Michalek Clarke MacArthur 40 1 2 2
4 vs 4 Defense
Defense Defense Time % Phy DF OF
1 Alex Goligoski Ben Lovejoy 60 1 2 2
2 Lasse Kukkonen Jamie McBain 40 1 2 2
Last Minutes Offensive
Center Left Wing Right Wing Defense Defense
Mike Ribeiro Milan Michalek Maxim Afinogenov Alex Goligoski Ben Lovejoy
Last Minutes Defensive
Center Left Wing Right Wing Defense Defense
Mike Ribeiro Milan Michalek Maxim Afinogenov Alex Goligoski Ben Lovejoy
Goaltenders
Starting : Carey Price
Backup : Karri Ramo
Extra Forwards
Normal : Maxim Lapierre, Ryan Hollweg, Rene Bourque - PP : Maxim Lapierre, Ryan Hollweg - PK : Rene Bourque
Extra Defensemen
Normal : Tom Poti, Sami Lepisto, Cameron Schilling - PP : Tom Poti - PK : Sami Lepisto, Cameron Schilling
Penalty Shots
Mike Ribeiro, Matt Stajan, Milan Michalek, Clarke MacArthur, Maxim Afinogenov
Scratches
Nik Antropov (Healthy)
Flames
5 vs 5 Forward
Center Left Wing Right Wing Time % Phy DF OF
1 Eric Staal Alexander Semin David Backes 41 1 2 2
2 Patrik Berglund Brad Marchand Jordin Tootoo 33 1 2 2
3 Colin Wilson Steve Regier Michel Ouellet 18 1 2 2
4 Mikhail Grabovski Noah Welch Jonathan Ferland 8 1 2 2
5 vs 5 Defense
Defense Defense Time % Phy DF OF
1 Derek Meech Erik Johnson 38 1 2 2
2 Lubomir Visnovsky Steve Eminger 29 1 2 2
3 Ron Hainsey Brendan Mikkelson 23 1 2 2
4 Lubomir Visnovsky Steve Eminger 10 1 2 2
PowerPlay Forward
Center Left Wing Right Wing Time % Phy DF OF
1 Eric Staal Alexander Semin David Backes 60 1 1 3
2 Patrik Berglund Steve Regier Jordin Tootoo 40 1 1 3
PowerPlay Defense
Defense Defense Time % Phy DF OF
1 Derek Meech Erik Johnson 60 1 1 3
2 Noah Welch Brendan Mikkelson 40 1 1 3
Penalty Kill 4 Players Forward
Center Wing Time % Phy DF OF
1 Mikhail Grabovski Alexander Semin 50 1 3 1
2 Eric Staal Jordin Tootoo 50 1 3 1
Penalty Kill 4 Players Defense
Defense Defense Time % Phy DF OF
1 Ron Hainsey Steve Eminger 58 1 3 1
2 Derek Meech Lubomir Visnovsky 42 1 3 1
Penalty Kill - 3 Players Forward
Forward Time % Phy DF OF
1 Eric Staal 50 1 3 1
2 Alexander Semin 50 1 3 1
Penalty Kill - 3 Players Defense
Defense Defense Time % Phy DF OF
1 Ron Hainsey Steve Eminger 58 1 3 1
2 Derek Meech Lubomir Visnovsky 42 1 3 1
4 vs 4 Forward
Center Wing Time % Phy DF OF
1 Eric Staal Alexander Semin 60 1 2 2
2 Patrik Berglund Jordin Tootoo 40 1 2 2
4 vs 4 Defense
Defense Defense Time % Phy DF OF
1 Derek Meech Erik Johnson 60 1 2 2
2 Ron Hainsey Steve Eminger 40 1 2 2
Last Minutes Offensive
Center Left Wing Right Wing Defense Defense
Eric Staal Alexander Semin David Backes Derek Meech Erik Johnson
Last Minutes Defensive
Center Left Wing Right Wing Defense Defense
Eric Staal Alexander Semin David Backes Derek Meech Erik Johnson
Goaltenders
Starting : Josh Harding
Backup : Pekka Rinne
Extra Forwards
Normal : Brad Marchand, Jordin Tootoo, Patrik Berglund - PP : Brad Marchand, Jordin Tootoo - PK : Brad Marchand
Extra Defensemen
Normal : Derek Meech, Steve Eminger, Lubomir Visnovsky - PP : Derek Meech - PK : Erik Johnson, Derek Meech
Penalty Shots
Eric Staal, Alexander Semin, David Backes, Patrik Berglund, Colin Wilson
Scratches
Marcel Goc (Healthy)
% Time on Ice - Canucks
Lines # - Real PCT - Wanted PCT - Time Play
Normal Forward
1 - 32% - 40% - 13:44
2 - 31% - 30% - 13:02
3 - 27% - 20% - 11:33
4 - 10% - 10% - 4:14
Normal Defense
1 - 43% - 40% - 18:18
2 - 31% - 30% - 13:21
3 - 21% - 20% - 8:51
4 - 5% - 10% - 2:03
PP Forward
1 - 57% - 60% - 7:39
2 - 43% - 40% - 5:42
PP Defense
1 - 58% - 60% - 7:42
2 - 42% - 40% - 5:39
PK Forward
1 - 96% - 60% - 3:48
2 - 4% - 40% - 0:10
PK Defense
1 - 62% - 60% - 2:27
2 - 38% - 40% - 1:31
PK3 Forward
1 - 0% - 60%
2 - 0% - 40%
PK3 Defense
1 - 0% - 60%
2 - 0% - 40%
44 Forward
1 - 0% - 60%
2 - 0% - 40%
44 Defense
1 - 0% - 60%
2 - 0% - 40%
Last Minute Offensive - 0:00
Last Minute Defensive - 0:08
Total
Forward - 60:00
Defense - 60:00
|
% Time on Ice - Flames
Lines # - Real PCT - Wanted PCT - Time Play
Normal Forward
1 - 35% - 41% - 14:51
2 - 30% - 33% - 12:44
3 - 24% - 18% - 10:18
4 - 11% - 8% - 4:40
Normal Defense
1 - 42% - 38% - 17:50
2 - 29% - 29% - 12:33
3 - 25% - 23% - 10:39
4 - 4% - 10% - 1:31
PP Forward
1 - 60% - 60% - 2:23
2 - 40% - 40% - 1:35
PP Defense
1 - 70% - 60% - 2:46
2 - 30% - 40% - 1:12
PK Forward
1 - 52% - 50% - 6:53
2 - 48% - 50% - 6:28
PK Defense
1 - 56% - 58% - 7:30
2 - 44% - 42% - 5:51
PK3 Forward
1 - 0% - 50%
2 - 0% - 50%
PK3 Defense
1 - 0% - 58%
2 - 0% - 42%
44 Forward
1 - 0% - 60%
2 - 0% - 40%
44 Defense
1 - 0% - 60%
2 - 0% - 40%
Last Minute Offensive - 0:08
Last Minute Defensive - 0:00
Total
Forward - 60:00
Defense - 60:00
|
Play by Play
1st period
0:01 of 1st period - Eric Staal wins face-off versus Mike Ribeiro in neutral zone.
0:34 of 1st period - Alex Goligoski is hit by Patrik Berglund and loses puck.
0:39 of 1st period - Snap shot by Brad Marchand.
0:39 of 1st period - Stopped by Carey Price with a rebound.
0:46 of 1st period - Icing by Alex Goligoski.
0:47 of 1st period - Colin Wilson wins face-off versus Matt Stajan in Canucks zone.
0:58 of 1st period - Backhand shot by Steve Regier.
0:58 of 1st period - Shot Misses the Net.
1:00 of 1st period - Snap shot by Steve Eminger.
1:00 of 1st period - Deflect By Steve Regier.
1:00 of 1st period - Stopped by Carey Price without a rebound.
1:01 of 1st period - Rene Bourque wins face-off versus Jonathan Ferland in Canucks zone.
1:32 of 1st period - Slapshot by Alexander Semin.
1:32 of 1st period - Stopped by Carey Price with a rebound.
1:34 of 1st period - Snap shot by Eric Staal.
1:34 of 1st period - Shot Misses the Net.
1:36 of 1st period - Wrist shot by Steve Eminger.
1:36 of 1st period - Shot Misses the Net.
2:01 of 1st period - Minor Penalty to Steve Eminger for Goalie Interference.
2:02 of 1st period - Mikhail Grabovski wins face-off versus Mike Ribeiro in Flames zone.
2:59 of 1st period - Mikhail Grabovski is hit by Jamie McBain and loses puck.
4:01 of 1st period - Penalty to Steve Eminger is over, Steve Eminger is back on ice.
4:14 of 1st period - Wrist shot by Steve Regier.
4:14 of 1st period - Stopped by Carey Price with a rebound.
4:58 of 1st period - Snap shot by Steve Eminger.
4:58 of 1st period - Stopped by Carey Price without a rebound.
4:59 of 1st period - Maxim Lapierre wins face-off versus David Backes in Canucks zone.
5:07 of 1st period - Minor Penalty to Eric Staal for Hooking.
5:08 of 1st period - Mikhail Grabovski wins face-off versus Matt Stajan in Flames zone.
5:20 of 1st period - Snap shot by Clarke MacArthur.
5:20 of 1st period - Shot Misses the Net.
6:02 of 1st period - Mikhail Grabovski is hit by Jamie McBain and loses puck.
6:27 of 1st period - Jamie McBain is hit by Ron Hainsey and loses puck.
7:02 of 1st period - Lubomir Visnovsky is hit by Alex Goligoski and loses puck.
7:07 of 1st period - Penalty to Eric Staal is over, Eric Staal is back on ice.
7:44 of 1st period - Icing by Lubomir Visnovsky.
7:45 of 1st period - Eric Staal wins face-off versus Jiri Hudler in Flames zone.
7:45 of 1st period - Eric Staal is hit by Matt Stajan.
8:23 of 1st period - Patrik Elias is hit by Steve Eminger and loses puck.
8:42 of 1st period - Lasse Kukkonen is hit by Eric Staal and loses puck.
8:59 of 1st period - Maxim Afinogenov is hit by Colin Wilson.
9:18 of 1st period - Snap shot by Ryan Hollweg.
9:18 of 1st period - Stopped by Josh Harding with a rebound.
10:06 of 1st period - Snap shot by Alexander Semin.
10:06 of 1st period - Shot Blocked by Tom Poti.
10:47 of 1st period - Wrist shot by Patrik Berglund.
10:47 of 1st period - Shot Misses the Net.
10:49 of 1st period - Slapshot by Jordin Tootoo.
10:49 of 1st period - Shot Misses the Net.
10:59 of 1st period - Alexander Semin is hit by Milan Michalek and loses puck.
11:06 of 1st period - Slapshot by Steve Eminger.
11:06 of 1st period - Shot Misses the Net.
11:25 of 1st period - Maxim Afinogenov is hit by Erik Johnson and loses puck.
11:32 of 1st period - Ben Lovejoy is hit by Mikhail Grabovski and loses puck.
11:45 of 1st period - Slapshot by Alex Goligoski.
11:45 of 1st period - Shot Misses the Net.
11:47 of 1st period - Slapshot by Alex Goligoski.
11:47 of 1st period - Deflect By Rene Bourque.
11:47 of 1st period - Shot Misses the Net.
11:47 of 1st period - Puck is out of play.
11:48 of 1st period - Maxim Lapierre wins face-off versus Patrik Berglund in Flames zone.
11:53 of 1st period - Snap shot by Maxim Lapierre.
11:53 of 1st period - Stopped by Josh Harding without a rebound.
11:54 of 1st period - Matt Stajan wins face-off versus Patrik Berglund in Flames zone.
13:26 of 1st period - Slapshot by Jordin Tootoo.
13:26 of 1st period - Shot Misses the Net.
13:50 of 1st period - Wrist shot by Maxim Lapierre.
13:50 of 1st period - Goal by Maxim Lapierre - Canucks : 1 - Flames : 0.
13:51 of 1st period - Patrik Berglund wins face-off versus Milan Michalek in neutral zone.
13:56 of 1st period - Snap shot by Patrik Berglund.
13:56 of 1st period - Stopped by Carey Price with a rebound.
13:58 of 1st period - Slapshot by Erik Johnson.
13:58 of 1st period - Stopped by Carey Price with a rebound.
14:00 of 1st period - Snap shot by Jordin Tootoo.
14:00 of 1st period - Stopped by Carey Price without a rebound.
14:01 of 1st period - Brad Marchand wins face-off versus Mike Ribeiro in Canucks zone.
14:02 of 1st period - Slapshot by Jordin Tootoo.
14:02 of 1st period - Stopped by Carey Price with a rebound.
14:04 of 1st period - Snap shot by Brad Marchand.
14:04 of 1st period - Stopped by Carey Price without a rebound.
14:05 of 1st period - Eric Staal wins face-off versus Mike Ribeiro in Canucks zone.
14:20 of 1st period - Slapshot by Eric Staal.
14:20 of 1st period - Shot Blocked by Alex Goligoski.
14:53 of 1st period - Slapshot by Maxim Lapierre.
14:53 of 1st period - Stopped by Josh Harding without a rebound.
14:54 of 1st period - Colin Wilson wins face-off versus Maxim Lapierre in Flames zone.
15:09 of 1st period - Wrist shot by Erik Johnson.
15:09 of 1st period - Shot Misses the Net.
15:52 of 1st period - Wrist shot by Alex Goligoski.
15:52 of 1st period - Stopped by Josh Harding without a rebound.
15:53 of 1st period - Colin Wilson wins face-off versus Clarke MacArthur in Flames zone.
15:57 of 1st period - Off-side.
15:58 of 1st period - Colin Wilson wins face-off versus Matt Stajan in neutral zone.
16:01 of 1st period - Clarke MacArthur is hit by Derek Meech and loses puck.
16:18 of 1st period - Derek Meech is hit by Matt Stajan and loses puck.
16:41 of 1st period - Wrist shot by Colin Wilson.
16:41 of 1st period - Stopped by Carey Price without a rebound.
16:42 of 1st period - Mike Ribeiro wins face-off versus Eric Staal in Canucks zone.
17:00 of 1st period - Off-side.
17:01 of 1st period - Jordin Tootoo wins face-off versus Rene Bourque in neutral zone.
17:18 of 1st period - Ben Lovejoy is hit by Derek Meech.
17:37 of 1st period - Alex Goligoski is hit by David Backes and loses puck.
18:18 of 1st period - Slapshot by Steve Eminger.
18:18 of 1st period - Shot Misses the Net.
18:20 of 1st period - Slapshot by Steve Eminger.
18:20 of 1st period - Stopped by Carey Price with a rebound.
18:30 of 1st period - Slapshot by Alex Goligoski.
18:30 of 1st period - Deflect By Brad Marchand.
18:30 of 1st period - Stopped by Josh Harding with a rebound.
18:32 of 1st period - Snap shot by Rene Bourque.
18:32 of 1st period - Stopped by Josh Harding without a rebound.
18:33 of 1st period - Patrik Berglund wins face-off versus Maxim Lapierre in Flames zone.
18:33 of 1st period - Patrik Berglund is hit by Maxim Lapierre.
18:53 of 1st period - Minor Penalty to Brendan Mikkelson for Roughing.
18:54 of 1st period - Mikhail Grabovski wins face-off versus Mike Ribeiro in Flames zone.
Goals for this period are 1 for Canucks vs 0 for Flames.
Shots for this period are 7 for Canucks vs 12 for Flames.
2nd period
0:01 of 2nd period - Alexander Semin wins face-off versus Mike Ribeiro in neutral zone.
0:11 of 2nd period - Off-side.
0:12 of 2nd period - Mike Ribeiro wins face-off versus Mikhail Grabovski in neutral zone.
0:17 of 2nd period - Slapshot by Alex Goligoski.
0:17 of 2nd period - Shot Misses the Net.
0:19 of 2nd period - Snap shot by Maxim Afinogenov.
0:19 of 2nd period - Goal by Maxim Afinogenov - Canucks : 2 - Flames : 0.
0:20 of 2nd period - Mike Ribeiro wins face-off versus Eric Staal in neutral zone.
0:31 of 2nd period - Snap shot by Mike Ribeiro.
0:31 of 2nd period - Stopped by Josh Harding with a rebound.
0:33 of 2nd period - Wrist shot by Mike Ribeiro.
0:33 of 2nd period - Shot Misses the Net.
0:45 of 2nd period - Derek Meech is hit by Alex Goligoski and loses puck.
1:11 of 2nd period - Alexander Semin is hit by Rene Bourque and loses puck.
1:48 of 2nd period - Backhand shot by Ryan Hollweg.
1:48 of 2nd period - Goal by Ryan Hollweg - Canucks : 3 - Flames : 0.
1:49 of 2nd period - Brad Marchand wins face-off versus Mike Ribeiro in neutral zone.
2:21 of 2nd period - Wrist shot by Matt Stajan.
2:21 of 2nd period - Deflect By Clarke MacArthur.
2:21 of 2nd period - Shot Blocked by Steve Regier.
2:21 of 2nd period - Puck is out of play.
2:22 of 2nd period - Patrik Berglund wins face-off versus Mike Ribeiro in Flames zone.
2:34 of 2nd period - Minor Penalty to Brad Marchand for Hooking.
2:35 of 2nd period - Mike Ribeiro wins face-off versus Eric Staal in Flames zone.
2:35 of 2nd period - Slapshot by Alex Goligoski.
2:35 of 2nd period - Goal by Alex Goligoski - Canucks : 4 - Flames : 0.
2:35 of 2nd period - Pekka Rinne enters game.
2:36 of 2nd period - Mike Ribeiro wins face-off versus Eric Staal in neutral zone.
2:45 of 2nd period - Snap shot by Maxim Afinogenov.
2:45 of 2nd period - Stopped by Pekka Rinne with a rebound.
2:47 of 2nd period - Slapshot by Alex Goligoski.
2:47 of 2nd period - Stopped by Pekka Rinne without a rebound.
2:48 of 2nd period - Patrik Berglund wins face-off versus Mike Ribeiro in Flames zone.
3:01 of 2nd period - Snap shot by Patrik Berglund.
3:01 of 2nd period - Goal by Patrik Berglund - Canucks : 4 - Flames : 1.
3:02 of 2nd period - Mike Ribeiro wins face-off versus Eric Staal in neutral zone.
3:27 of 2nd period - Snap shot by Clarke MacArthur.
3:27 of 2nd period - Shot Misses the Net.
3:33 of 2nd period - Wrist shot by Matt Stajan.
3:33 of 2nd period - Deflect By Jiri Hudler.
3:33 of 2nd period - Stopped by Pekka Rinne without a rebound.
3:34 of 2nd period - Patrik Berglund wins face-off versus Mike Ribeiro in Flames zone.
4:21 of 2nd period - Snap shot by Ryan Hollweg.
4:21 of 2nd period - Stopped by Pekka Rinne without a rebound.
4:22 of 2nd period - Michel Ouellet wins face-off versus Maxim Lapierre in Flames zone.
4:56 of 2nd period - Slapshot by David Backes.
4:56 of 2nd period - Deflect By Eric Staal.
4:56 of 2nd period - Stopped by Carey Price without a rebound.
4:57 of 2nd period - Patrik Berglund wins face-off versus Matt Stajan in Canucks zone.
5:00 of 2nd period - Backhand shot by Jordin Tootoo.
5:00 of 2nd period - Shot Misses the Net.
5:08 of 2nd period - Wrist shot by Clarke MacArthur.
5:08 of 2nd period - Goal by Clarke MacArthur - Canucks : 5 - Flames : 1.
5:09 of 2nd period - Eric Staal wins face-off versus Mike Ribeiro in neutral zone.
5:22 of 2nd period - Wrist shot by Milan Michalek.
5:22 of 2nd period - Stopped by Pekka Rinne without a rebound.
5:23 of 2nd period - Patrik Berglund wins face-off versus Mike Ribeiro in Flames zone.
6:18 of 2nd period - Derek Meech is hit by Lasse Kukkonen and loses puck.
6:39 of 2nd period - Wrist shot by Mike Ribeiro.
6:39 of 2nd period - Shot Blocked by Brendan Mikkelson.
6:44 of 2nd period - Slapshot by Maxim Afinogenov.
6:44 of 2nd period - Stopped by Pekka Rinne with a rebound.
6:46 of 2nd period - Wrist shot by Maxim Afinogenov.
6:46 of 2nd period - Shot Blocked by Brendan Mikkelson.
7:22 of 2nd period - Jamie McBain is hit by Eric Staal and loses puck.
7:43 of 2nd period - Snap shot by Maxim Lapierre.
7:43 of 2nd period - Deflect By Ryan Hollweg.
7:43 of 2nd period - Stopped by Pekka Rinne with a rebound.
7:45 of 2nd period - Snap shot by Lasse Kukkonen.
7:45 of 2nd period - Stopped by Pekka Rinne without a rebound.
7:46 of 2nd period - Matt Stajan wins face-off versus Patrik Berglund in Flames zone.
7:47 of 2nd period - Snap shot by Clarke MacArthur.
7:47 of 2nd period - Shot Misses the Net.
7:49 of 2nd period - Backhand shot by Jiri Hudler.
7:49 of 2nd period - Stopped by Pekka Rinne without a rebound.
7:50 of 2nd period - Patrik Berglund wins face-off versus Matt Stajan in Flames zone.
7:52 of 2nd period - Minor Penalty to Derek Meech for Hooking.
7:53 of 2nd period - Eric Staal wins face-off versus Mike Ribeiro in Flames zone.
8:08 of 2nd period - Wrist shot by Milan Michalek.
8:08 of 2nd period - Shot Misses the Net.
9:48 of 2nd period - Mikhail Grabovski is hit by Mike Ribeiro and loses puck.
9:52 of 2nd period - Penalty to Derek Meech is over, Derek Meech is back on ice.
10:40 of 2nd period - Icing by Erik Johnson.
10:41 of 2nd period - Mikhail Grabovski wins face-off versus Mike Ribeiro in Flames zone.
10:55 of 2nd period - Wrist shot by Steve Regier.
10:55 of 2nd period - Shot Misses the Net.
10:57 of 2nd period - Snap shot by Michel Ouellet.
10:57 of 2nd period - Stopped by Carey Price without a rebound.
10:58 of 2nd period - Eric Staal wins face-off versus Matt Stajan in Canucks zone.
11:01 of 2nd period - Snap shot by Eric Staal.
11:01 of 2nd period - Stopped by Carey Price without a rebound.
11:02 of 2nd period - Eric Staal wins face-off versus Matt Stajan in Canucks zone.
11:19 of 2nd period - Snap shot by Brendan Mikkelson.
11:19 of 2nd period - Stopped by Carey Price without a rebound.
11:20 of 2nd period - Patrik Berglund wins face-off versus Mike Ribeiro in Canucks zone.
11:23 of 2nd period - Snap shot by Brad Marchand.
11:23 of 2nd period - Goal by Brad Marchand - Canucks : 5 - Flames : 2.
11:24 of 2nd period - Mike Ribeiro wins face-off versus Eric Staal in neutral zone.
12:19 of 2nd period - Minor Penalty to Michel Ouellet for Interference.
12:20 of 2nd period - Eric Staal wins face-off versus Mike Ribeiro in Flames zone.
14:19 of 2nd period - Penalty to Michel Ouellet is over, Michel Ouellet is back on ice.
14:31 of 2nd period - Off-side.
14:32 of 2nd period - Colin Wilson wins face-off versus Maxim Lapierre in neutral zone.
14:37 of 2nd period - Snap shot by Steve Regier.
14:37 of 2nd period - Stopped by Carey Price without a rebound.
14:38 of 2nd period - Colin Wilson wins face-off versus Maxim Lapierre in Canucks zone.
14:41 of 2nd period - Wrist shot by Steve Regier.
14:41 of 2nd period - Stopped by Carey Price without a rebound.
14:42 of 2nd period - Maxim Lapierre wins face-off versus Colin Wilson in Canucks zone.
15:13 of 2nd period - Jamie McBain is hit by Michel Ouellet and loses puck.
15:53 of 2nd period - Off-side.
15:54 of 2nd period - Mike Ribeiro wins face-off versus Eric Staal in neutral zone.
16:07 of 2nd period - Slapshot by Maxim Afinogenov.
16:07 of 2nd period - Shot Blocked by Lubomir Visnovsky.
16:20 of 2nd period - Minor Penalty to Steve Eminger for Hooking.
16:21 of 2nd period - Eric Staal wins face-off versus Mike Ribeiro in Flames zone.
16:43 of 2nd period - Icing by Milan Michalek.
16:44 of 2nd period - Mike Ribeiro wins face-off versus Mikhail Grabovski in Canucks zone.
17:09 of 2nd period - Wrist shot by Milan Michalek.
17:09 of 2nd period - Shot Blocked by Lubomir Visnovsky.
17:11 of 2nd period - Snap shot by Mike Ribeiro.
17:11 of 2nd period - Deflect By Milan Michalek.
17:11 of 2nd period - Shot Misses the Net.
17:11 of 2nd period - Puck is out of play.
17:12 of 2nd period - Eric Staal wins face-off versus Matt Stajan in Flames zone.
17:25 of 2nd period - Snap shot by Matt Stajan.
17:25 of 2nd period - Stopped by Pekka Rinne with a rebound.
17:27 of 2nd period - Slapshot by Lasse Kukkonen.
17:27 of 2nd period - Deflect By Matt Stajan.
17:27 of 2nd period - Shot Misses the Net.
17:27 of 2nd period - Puck is out of play.
17:28 of 2nd period - Mikhail Grabovski wins face-off versus Mike Ribeiro in Flames zone.
18:00 of 2nd period - Slapshot by Jamie McBain.
18:00 of 2nd period - Deflect By Alexander Semin.
18:00 of 2nd period - Stopped by Pekka Rinne without a rebound.
18:01 of 2nd period - Eric Staal wins face-off versus Mike Ribeiro in Flames zone.
18:20 of 2nd period - Penalty to Steve Eminger is over, Steve Eminger is back on ice.
18:37 of 2nd period - Off-side.
18:38 of 2nd period - Eric Staal wins face-off versus Mike Ribeiro in neutral zone.
18:45 of 2nd period - Slapshot by David Backes.
18:45 of 2nd period - Stopped by Carey Price without a rebound.
18:46 of 2nd period - Mike Ribeiro wins face-off versus Eric Staal in Canucks zone.
18:46 of 2nd period - Mike Ribeiro is hit by David Backes.
18:53 of 2nd period - Icing by Brendan Mikkelson.
18:54 of 2nd period - Milan Michalek wins face-off versus Alexander Semin in Flames zone.
19:26 of 2nd period - Minor Penalty to Ben Lovejoy for Cross-checking.
19:27 of 2nd period - Mike Ribeiro wins face-off versus Eric Staal in Canucks zone.
Goals for this period are 4 for Canucks vs 2 for Flames.
Shots for this period are 16 for Canucks vs 9 for Flames.
3rd period
0:01 of 3rd period - Eric Staal wins face-off versus Mike Ribeiro in neutral zone.
0:06 of 3rd period - Slapshot by Alexander Semin.
0:06 of 3rd period - Shot Misses the Net.
0:08 of 3rd period - Slapshot by Derek Meech.
0:08 of 3rd period - Shot Misses the Net.
1:07 of 3rd period - Off-side.
1:08 of 3rd period - Rene Bourque wins face-off versus Eric Staal in neutral zone.
1:26 of 3rd period - Penalty to Ben Lovejoy is over, Ben Lovejoy is back on ice.
2:15 of 3rd period - Icing by Noah Welch.
2:16 of 3rd period - Colin Wilson wins face-off versus Clarke MacArthur in Flames zone.
2:49 of 3rd period - Snap shot by Eric Staal.
2:49 of 3rd period - Stopped by Carey Price without a rebound.
2:50 of 3rd period - Eric Staal wins face-off versus Milan Michalek in Canucks zone.
3:01 of 3rd period - Wrist shot by Eric Staal.
3:01 of 3rd period - Shot Misses the Net.
3:03 of 3rd period - Slapshot by Erik Johnson.
3:03 of 3rd period - Shot Misses the Net.
3:05 of 3rd period - Snap shot by David Backes.
3:05 of 3rd period - Stopped by Carey Price without a rebound.
3:06 of 3rd period - Matt Stajan wins face-off versus Patrik Berglund in Canucks zone.
3:11 of 3rd period - Snap shot by Jiri Hudler.
3:11 of 3rd period - Stopped by Pekka Rinne with a rebound.
3:13 of 3rd period - Snap shot by Jiri Hudler.
3:13 of 3rd period - Deflect By Clarke MacArthur.
3:13 of 3rd period - Shot Misses the Net.
3:13 of 3rd period - Puck is out of play.
3:14 of 3rd period - Patrik Berglund wins face-off versus Matt Stajan in Flames zone.
3:36 of 3rd period - Snap shot by Matt Stajan.
3:36 of 3rd period - Stopped by Pekka Rinne with a rebound.
3:38 of 3rd period - Wrist shot by Matt Stajan.
3:38 of 3rd period - Shot Blocked by Erik Johnson.
3:40 of 3rd period - Snap shot by Jiri Hudler.
3:40 of 3rd period - Shot Misses the Net.
3:42 of 3rd period - Slapshot by Jiri Hudler.
3:42 of 3rd period - Shot Misses the Net.
4:14 of 3rd period - Wrist shot by Jiri Hudler.
4:14 of 3rd period - Stopped by Pekka Rinne with a rebound.
4:38 of 3rd period - Snap shot by Matt Stajan.
4:38 of 3rd period - Shot Misses the Net.
4:40 of 3rd period - Snap shot by Clarke MacArthur.
4:40 of 3rd period - Stopped by Pekka Rinne without a rebound.
4:41 of 3rd period - Eric Staal wins face-off versus Mike Ribeiro in Flames zone.
4:46 of 3rd period - Slapshot by Steve Eminger.
4:46 of 3rd period - Shot Blocked by Milan Michalek.
4:48 of 3rd period - Snap shot by Alexander Semin.
4:48 of 3rd period - Goal by Alexander Semin - Canucks : 5 - Flames : 3.
4:49 of 3rd period - Mike Ribeiro wins face-off versus Alexander Semin in neutral zone.
6:25 of 3rd period - Jamie McBain is hit by Jordin Tootoo and loses puck.
6:53 of 3rd period - Wrist shot by Michel Ouellet.
6:53 of 3rd period - Shot Misses the Net.
7:25 of 3rd period - Jonathan Ferland is hit by Maxim Lapierre and loses puck.
7:38 of 3rd period - Snap shot by Patrik Berglund.
7:38 of 3rd period - Shot Blocked by Alex Goligoski.
7:40 of 3rd period - Slapshot by Brad Marchand.
7:40 of 3rd period - Shot Blocked by Alex Goligoski.
7:42 of 3rd period - Wrist shot by Brad Marchand.
7:42 of 3rd period - Stopped by Carey Price with a rebound.
7:46 of 3rd period - Snap shot by Jordin Tootoo.
7:46 of 3rd period - Deflect By Brad Marchand.
7:46 of 3rd period - Stopped by Carey Price with a rebound.
7:58 of 3rd period - Wrist shot by Clarke MacArthur.
7:58 of 3rd period - Stopped by Pekka Rinne without a rebound.
7:59 of 3rd period - Eric Staal wins face-off versus Matt Stajan in Flames zone.
7:59 of 3rd period - Eric Staal is hit by Sami Lepisto.
8:05 of 3rd period - Backhand shot by Clarke MacArthur.
8:05 of 3rd period - Shot Blocked by David Backes.
8:07 of 3rd period - Slapshot by Sami Lepisto.
8:07 of 3rd period - Shot Misses the Net.
8:09 of 3rd period - Slapshot by Sami Lepisto.
8:09 of 3rd period - Shot Blocked by Derek Meech.
8:11 of 3rd period - Wrist shot by Clarke MacArthur.
8:11 of 3rd period - Goal by Clarke MacArthur - Canucks : 6 - Flames : 3.
8:12 of 3rd period - Eric Staal wins face-off versus Mike Ribeiro in neutral zone.
8:21 of 3rd period - Wrist shot by Eric Staal.
8:21 of 3rd period - Stopped by Carey Price with a rebound.
8:44 of 3rd period - Lasse Kukkonen is hit by Jordin Tootoo and loses puck.
9:38 of 3rd period - Slapshot by David Backes.
9:38 of 3rd period - Shot Misses the Net.
9:40 of 3rd period - Wrist shot by David Backes.
9:40 of 3rd period - Goal by David Backes - Canucks : 6 - Flames : 4.
9:41 of 3rd period - Eric Staal wins face-off versus Mike Ribeiro in neutral zone.
9:44 of 3rd period - Alex Goligoski is hit by David Backes and loses puck.
9:55 of 3rd period - Snap shot by Eric Staal.
9:55 of 3rd period - Goal by Eric Staal - Canucks : 6 - Flames : 5.
9:56 of 3rd period - Mike Ribeiro wins face-off versus Eric Staal in neutral zone.
10:07 of 3rd period - Slapshot by Alex Goligoski.
10:07 of 3rd period - Shot Misses the Net.
11:01 of 3rd period - Jamie McBain is hit by Noah Welch and loses puck.
11:10 of 3rd period - Wrist shot by Nikolai Zherdev.
11:10 of 3rd period - Stopped by Pekka Rinne with a rebound.
11:20 of 3rd period - Tom Poti is hit by Alexander Semin and loses puck.
11:38 of 3rd period - Jordin Tootoo is hit by Sami Lepisto and loses puck.
12:15 of 3rd period - Milan Michalek is hit by David Backes and loses puck.
12:32 of 3rd period - Snap shot by Noah Welch.
12:32 of 3rd period - Stopped by Carey Price with a rebound.
12:34 of 3rd period - Wrist shot by Mikhail Grabovski.
12:34 of 3rd period - Shot Misses the Net.
12:36 of 3rd period - Slapshot by Ron Hainsey.
12:36 of 3rd period - Shot Blocked by Jamie McBain.
12:38 of 3rd period - Snap shot by Noah Welch.
12:38 of 3rd period - Shot Misses the Net.
12:56 of 3rd period - Snap shot by Brad Marchand.
12:56 of 3rd period - Stopped by Carey Price without a rebound.
12:57 of 3rd period - Maxim Lapierre wins face-off versus Eric Staal in Canucks zone.
12:57 of 3rd period - Maxim Lapierre is hit by Alexander Semin.
13:13 of 3rd period - Wrist shot by Rene Bourque.
13:13 of 3rd period - Stopped by Pekka Rinne without a rebound.
13:14 of 3rd period - Patrik Berglund wins face-off versus Mike Ribeiro in Flames zone.
13:32 of 3rd period - Minor Penalty to Brad Marchand for Hooking.
13:33 of 3rd period - Eric Staal wins face-off versus Mike Ribeiro in Flames zone.
15:31 of 3rd period - Ben Lovejoy is hit by Steve Regier and loses puck.
15:32 of 3rd period - Penalty to Brad Marchand is over, Brad Marchand is back on ice.
15:44 of 3rd period - Wrist shot by Rene Bourque.
15:44 of 3rd period - Stopped by Pekka Rinne with a rebound.
15:46 of 3rd period - Slapshot by Sami Lepisto.
15:46 of 3rd period - Stopped by Pekka Rinne without a rebound.
15:47 of 3rd period - Maxim Lapierre wins face-off versus Patrik Berglund in Flames zone.
16:46 of 3rd period - Wrist shot by Jonathan Ferland.
16:46 of 3rd period - Deflect By Noah Welch.
16:46 of 3rd period - Shot Misses the Net.
16:46 of 3rd period - Puck is out of play.
16:47 of 3rd period - Mike Ribeiro wins face-off versus Eric Staal in Canucks zone.
17:04 of 3rd period - Rene Bourque is hit by Michel Ouellet and loses puck.
17:09 of 3rd period - Wrist shot by Steve Regier.
17:09 of 3rd period - Stopped by Carey Price with a rebound.
17:23 of 3rd period - David Backes is hit by Alex Goligoski and loses puck.
17:31 of 3rd period - Minor Penalty to Matt Stajan for Holding.
17:32 of 3rd period - Mike Ribeiro wins face-off versus Eric Staal in Canucks zone.
18:43 of 3rd period - Jamie McBain is hit by Jordin Tootoo.
18:47 of 3rd period - Noah Welch is hit by Maxim Lapierre and loses puck.
19:31 of 3rd period - Penalty to Matt Stajan is over, Matt Stajan is back on ice.
19:36 of 3rd period - Snap shot by Matt Stajan.
19:36 of 3rd period - Stopped by Pekka Rinne without a rebound.
19:37 of 3rd period - Lindy Ruff call a timeout for Flames.
19:37 of 3rd period - Maxim Afinogenov wins face-off versus Brad Marchand in Flames zone.
19:38 of 3rd period - Snap shot by Mike Ribeiro.
19:38 of 3rd period - Shot Misses the Net.
19:40 of 3rd period - Slapshot by Ben Lovejoy.
19:40 of 3rd period - Goal by Ben Lovejoy - Canucks : 7 - Flames : 5.
19:41 of 3rd period - Colin Wilson wins face-off versus Mike Ribeiro in neutral zone.
19:54 of 3rd period - Wrist shot by Steve Regier.
19:54 of 3rd period - Shot Blocked by Ben Lovejoy.
19:56 of 3rd period - Slapshot by Colin Wilson.
19:56 of 3rd period - Shot Misses the Net.
Goals for this period are 2 for Canucks vs 3 for Flames.
Shots for this period are 12 for Canucks vs 11 for Flames.
Back to the Top